AoeStats
← die trying

Arabia

504245067Analyzed
1v1 RM · 27d ago on Sep 4, 2026· 37m 25s· 2 players
Game mode
Random Map
Map size
Tiny (2 player)
Population
200
Speed
Normal
Resources
Standard
Victory
Conquest
Starting age
Dark Age
Ending age
Imperial Age
RankedLock teamsTeams togetherTeam positionsShared explorationLock speedFull tech treeHidden civsTurbo modeCheats
Victory
Defeat
🇹🇼 Armenians · Taiwan
2026
+10
🇨🇱 Mongols · Chile
1890
-10
die trying
4:54 Loom
5:54 Loom
8:24 Feudal Age
8:37 Man-at-Arms
10:06 Town Watch
13:44 Fletching
17:57 Padded Archer Armor
20:58 Castle Age
19:29 Double-Bit Axe
20:02 Padded Archer Armor
19:50 Horse Collar
20:44 Bloodlines
20:53 Padded Archer Armor
20:53 Gold Mining
21:34 Bodkin Arrow
22:25 Padded Archer Armor
25:01 Husbandry
26:30 Scale Barding Armor
26:54 Ballistics
28:58 Light Cavalry
31:02 Forging
31:21 Chain Barding Armor
35:33 Forging
[LuB]myqbox
6:19 Loom
8:49 Feudal Age
9:40 Double-Bit Axe
13:05 Fletching
21:51 Castle Age
20:11 Gold Mining
20:42 Padded Archer Armor
20:33 Horse Collar
21:53 Crossbowman
22:32 Bodkin Arrow
22:58 Bow Saw
23:23 Town Watch
25:05 Ballistics
30:44 Wheelbarrow
30:55 Leather Archer Armor
32:29 Hand Cart
36:09 Imperial Age
33:29 Elite Skirmisher
37:12 Bracer
38:13 Chemistry
38:05 Gold Shaft Mining
37:21 Stone Mining
Connection lost

Rejoining the realm…

Still unreachable

The connection could not be restored.

Session expired

The server has moved on; the page needs a fresh start.